 Dungeon Crawl Stone Soup version 0.23-a0-650-ga4d50d4 (console) character file.

9 bli the Skirmisher (level 2, -2/24 HPs)
             Began as a Formicid Abyssal Knight on Jan 4, 2019.
             Was a Follower of Lugonu.
             Slain by a hound (3 damage)
             ... on level 2 of the Dungeon.
             The game lasted 00:02:27 (397 turns).

bli the Skirmisher (Formicid Abyssal Knight)         Turns: 397, Time: 00:02:27

Health: -2/24      AC:  3    Str: 16    XL:     2   Next: 20%
Magic:  3/3        EV: 11    Int: 11    God:    Lugonu [*.....]
Gold:   129        SH:  0    Dex: 10    Spells: 1/1 levels left

rFire    . . .     SeeInvis +   l - -3 mace (curse)
rCold    . . .     Gourm    .   (no shield)
rNeg     . . .     Faith    .   b - +0 leather armour
rPois    .         Spirit   .   (helmet unavailable)
rElec    .         Reflect  .   (no cloak)
rCorr    .         Harm     .   (no gloves)
MR       .....                  (no boots)
Stlth    +.........             (no amulet)
HPRegen  0.08/turn              (no ring)
MPRegen  0.08/turn              (no ring)

@: no status effects
A: permanent stasis, dig shafts and tunnels, four strong arms, antennae 3
a: Dig, Shaft Self, Depart the Abyss, Renounce Religion


You were on level 2 of the Dungeon.
You worshipped Lugonu.
Lugonu was aware of your devotion.
You were not hungry.

You visited 1 branch of the dungeon, and saw 2 of its levels.
You visited the Abyss 1 time.

You collected 129 gold pieces.

Inventory:

Hand Weapons
 a - a +1 falchion
 l - a cursed -3 mace (weapon)
Armour
 b - a +0 leather armour (worn)
 k - a +0 ring mail
Scrolls
 e - a scroll of random uselessness
 g - a scroll of identify
Potions
 f - a potion of brilliance {unknown}
 i - a potion of might {unknown}
Miscellaneous
 d - a phantom mirror
Comestibles
 c - 2 rations
 j - 5 chunks of flesh


   Skills:
 + Level 3.4 Fighting
 - Level 2.5 Long Blades
 - Level 2.1 Armour
 - Level 1.0 Dodging
 - Level 2.1 Invocations


You had one spell level left.
You didn't know any spells.
Your spell library was empty.

Dungeon Overview and Level Annotations

Branches:
Dungeon (1/15)

Altars:


Innate Abilities, Weirdness & Mutations

You cannot be hasted, slowed, berserked, paralysed or teleported.
You can dig through walls and to a lower floor.
Your four strong arms can wield two-handed weapons with a shield.
You have a pair of large antennae on your head. (SInv)


Message History

The hound bites you.
You see here a scroll of identify.
g - a scroll of identify The hound bites you but does no damage.
The bat hits you but does no damage.
* * * LOW HITPOINT WARNING * * *
The bat misses you. The hound bites you.
* * * LOW HITPOINT WARNING * * *
You barely miss the hound.
The hound is heavily wounded.
The bat misses you. The bat closely misses you. The hound barely misses you.
* * * LOW HITPOINT WARNING * * *
You completely miss the hound.
The hound is heavily wounded.
The bat hits you.
* * * LOW HITPOINT WARNING * * *
The hound bites you but does no damage. The hound barely misses you.
You barely miss the hound.
The hound is heavily wounded.
The hound bites you.
You die...

{ ####
########...#
#....#.....#
....#.....
######.....#
#..#..#....#
#..#...h.#
#.....#b@#
#....#..#..#
#.....######
.....#...
......#....
#...######..
#### ###


You could see a hound and a bat.

Vanquished Creatures
  A ball python (D:1)
  2 goblins (D:1)
  2 hobgoblins (D:1)
  A frilled lizard (D:1)
  A kobold (D:1)
  A rat (D:1)
8 creatures vanquished.

Notes
Turn   | Place    | Note
-------+----------+-------------------------------------------
     0 | Abyss:1  | bli the Formicid Abyssal Knight began the quest for the
                  | Orb.
     0 | Abyss:1  | Reached XP level 1. HP: 18/18 MP: 2/2
   103 | Abyss:2  | Noticed a small abomination
   103 | Abyss:2  | Noticed a neqoxec
   106 | D:1      | Escaped the Abyss
   272 | D:1      | Reached skill level 1 in Dodging
   354 | D:1      | Reached XP level 2. HP: 20/24 MP: 3/3
   378 | D:1      | Reached * piety under Lugonu
   382 | D:1      | You fall through a shaft!
   396 | D:2      | HP: 1/24 [bat (1)]
   397 | D:2      | Slain by a hound

Vault maps used:
D:1:      beargit_arrival_greenhouse, glass_columns_c, minmay_crystal_room
D:2:      hangedman_decor_push

Skill      XL: |  1 |
---------------+----+-----
Dodging        | 1 |  1.0
Fighting       | |  3.4
Long Blades    | |  2.5
Armour         | |  2.1
Invocations    | |  2.1

Action                   || total
-------------------------++-------
Melee: Mace              ||    23
       Falchion          ||    10
Invok: Depart the Abyss  ||     1
  Use: Scroll            ||     3
Armor: Leather armour    ||    12
Dodge: Dodged            ||    36

Table legend:
 A = Non-vault XP
 B = Vault XP
 C = Vault XP percentage of total XP
 D = Non-vault monster count
 E = Vault monster count
 F = Vault count percentage of total count
                 A         B        C        D         E       F
            +---------+---------+-------+---------+---------+-------
      Total |      13 |       0 |   0.0 |       8 |       0 |   0.0
            +---------+---------+-------+---------+---------+-------
        D:1 |      13 |       0 |   0.0 |       8 |       0 |   0.0
            +---------+---------+-------+---------+---------+-------
